 Dungeon Crawl Stone Soup version 0.29.1-12-g30fa7ad0bf (webtiles) character file.

Game seed: 14044544946963978369

997 LustLizard the Cleaver (level 8, -4/71 HPs)
             Began as a Hill Orc Fighter on Jan 8, 2023.
             Was a Priest of Uskayaw.
             Slain by an orc warrior
             ... wielding a +0 halberd
              (17 damage)
             ... on level 5 of the Dungeon.
             The game lasted 00:12:47 (5874 turns).

LustLizard the Cleaver (Hill Orc Fighter)           Turns: 5874, Time: 00:12:48

Health: -4/71      AC:  9    Str: 21    XL:     8   Next: 19%
Magic:  8/8        EV: 10    Int:  8    God:    Uskayaw [***...]
Gold:   328        SH:  4    Dex: 10    Spells: 7/7 levels left

rFire   . . .      SeeInvis +   a - +0 war axe
rCold   . . .      Faith    .   c - +0 buckler
rNeg    . . .      Spirit   .   F - +3 ring mail
rPois   +          Reflect  .   (no helmet)
rElec   .          Harm     .   (no cloak)
rCorr   .          Rampage  .   (no gloves)
Will    .....                   G - +0 pair of boots
Stlth   ..........              (no amulet)
HPRegen 0.21/turn               f - ring of see invisible
MPRegen 0.11/turn               t - ring of poison resistance

@: no status effects
A: no striking features
a: Renounce Religion, Stomp, Line Pass


You were on level 5 of the Dungeon.
You worshipped Uskayaw.
Uskayaw was noncommittal.
You visited 2 branches of the dungeon, and saw 6 of its levels.
You also visited: Sewer.

You collected 328 gold pieces.

Inventory:

Hand Weapons
 a - a +0 war axe (weapon)
Missiles
 h - 55 stones (quivered)
 q - 6 boomerangs
 C - 7 poisoned darts
Armour
 c - a +0 buckler (worn)
 p - a +0 chain mail
 F - a +3 ring mail (worn)
 G - a +0 pair of boots (worn)
Jewellery
 f - a ring of see invisible (left hand)
 l - a ring of resist corrosion
 o - a ring of wizardry
 t - a ring of poison resistance (right hand)
 z - a ring of ice
Wands
 d - a wand of roots (10)
 H - a wand of flame (10)
Scrolls
 b - 2 scrolls of blinking
 e - a scroll of noise {unknown}
 j - a scroll of acquirement {unknown}
 k - a scroll of vulnerability {unknown}
 m - 2 scrolls of identify
 n - a scroll of poison {unknown}
 s - 2 scrolls of silence {unknown}
 x - a scroll of magic mapping {unknown}
 y - 3 scrolls of teleportation {unknown}
 B - a scroll of amnesia {unknown}
 D - 2 scrolls of enchant armour {unknown}
 E - a scroll of fog {unknown}
Potions
 g - 3 potions of curing
 i - 3 potions of brilliance
 r - a potion of attraction {unknown}
 u - a potion of haste {unknown}
 v - a potion of lignification {unknown}
 w - a potion of heal wounds {unknown}
 A - a potion of mutation {unknown}


   Skills:
 + Level 6.7 Fighting
 * Level 9.0 Axes
 - Level 2.5 Throwing
 - Level 3.2 Armour
 - Level 3.2 Shields
 + Level 2.7 Evocations


You had 7 spell levels left.
You didn't know any spells.
Your spell library contained the following spells:

 Spells                   Type           Power      Damage    Failure   Level
 Sting                    Tmut/Pois      0%         1d3       67%         1
 Poisonous Vapours        Pois/Air       0%         N/A       80%         2
 Confusing Touch          Hex            0%         N/A       95%         3
 Ignite Poison            Fire/Tmut/Pois 0%         N/A       95%         3
 Mephitic Cloud           Conj/Pois/Air  0%         N/A       95%         3
 Tukima's Dance           Hex            0%         N/A       95%         3
 Olgreb's Toxic Radiance  Pois           0%         N/A       100%        4
 Passage of Golubria      Tloc           0%         N/A       100%        4
 Freezing Cloud           Conj/Ice/Air   0%         6-21      100%        5
 Yara's Violent Unravell  Hex/Tmut       0%         3d3       100%        5
 Enfeeble                 Hex            0%         N/A       100%        7


Dungeon Overview and Level Annotations

Branches:
Dungeon (5/15)             Temple (1/1) D:4           Sewer (visited)

Altars:
Ashenzari
Trog
Uskayaw
Vehumet
Zin

Shops:
D:2 (


Message History

You slash the orc!
You kill the orc!
The orc warrior misses you.
The orc warrior hits you with a +0 halberd!
Things that are here:
a +0 short sword; an orc corpse You barely miss the orc warrior.
The orc warrior closely misses you.
You hit the orc warrior.
The orc warrior is lightly wounded.
The orc warrior hits you with a +0 halberd!
You can now pass through a line of other dancers.
You hit the orc warrior.
The orc warrior is moderately wounded.
The orc warrior misses you.
You hit the orc warrior but do no damage.
The orc warrior is moderately wounded.
The orc warrior hits you with a +0 halberd.
You block the orc warrior's attack.
You barely miss the orc warrior.
The orc warrior is moderately wounded.
The orc warrior hits you but does no damage.
You hit the orc warrior.
The orc warrior is moderately wounded.
The orc warrior hits you with a +0 halberd!
You hit the orc warrior.
The orc warrior is heavily wounded.
The orc warrior closely misses you.
You slash the orc warrior!
The orc warrior is almost dead.
The orc warrior hits you with a +0 halberd!
* * * LOW HITPOINT WARNING * * *
Uskayaw will force your foes to helplessly watch your dance.
Uskayaw prepares the audience for your solo!
Okay, then.
The helpless orc warrior fails to defend itself.
You hit the orc warrior but do no damage.
The orc warrior is almost dead.
The lemure is no longer paralysed.
The orc warrior is no longer paralysed.
The orc warrior hits you with a +0 halberd!
You die...

..............# #....
>.............# #....
......ooo.5...# #....
..............# #....
#######+###o..## ## #....
..........#...##..## ###..
..........#o........ #..
..........#o........ #..
........)@#......... #..
..........o5........ #..
........)†######+#####+#..
########'#.................
#....+...#.................
#....#...#.................
#....#...#.................
#...##...#.................
#...##...######............


You could see an orc warrior and a lemure.

Vanquished Creatures
  Sigmund (D:2)
  An ogre (D:5)
  A lemure (D:5)
  3 bullfrogs
  2 scorpions
  An orc priest (D:5)
  A hound (D:5)
  A jelly (D:3)
  Jessica (D:2)
  An iguana (D:5)
  Natasha (thrice) (D:2)
  Robin (D:4)
  11 adders
  3 worms
  A dart slug (D:3)
  7 orcs (D:5)
  4 bats
  15 endoplasms
  5 giant cockroaches
  11 hobgoblins
  3 jackals (D:2)
  6 kobolds
  7 quokkas
  11 ball pythons
  10 frilled lizards
  13 goblins
  12 rats
136 creatures vanquished.

Notes
Turn   | Place    | Note
-------+----------+-------------------------------------------
     0 | D:1      | LustLizard the Hill Orc Fighter began the quest for the
                  | Orb.
     0 | D:1      | Reached XP level 1. HP: 19/19 MP: 1/1
   256 | D:1      | Reached skill level 3 in Axes
   514 | D:1      | Reached XP level 2. HP: 27/27 MP: 2/2
  1102 | D:1      | Found a faded altar of an unknown god.
  1359 | D:2      | Reached skill level 4 in Axes
  1367 | D:2      | Reached XP level 3. HP: 29/33 MP: 3/3
  1410 | D:2      | Found Logy's Weapon Shop.
  1570 | D:2      | Noticed Natasha
  1576 | D:2      | Killed Natasha
  1577 | D:2      | Reached skill level 1 in Throwing
  1577 | D:2      | Reached XP level 4. HP: 33/41 MP: 4/4
  1822 | D:2      | Noticed Jessica
  1841 | D:2      | Killed Jessica
  1842 | D:2      | Reached skill level 5 in Axes
  1920 | D:2      | Noticed Natasha
  1934 | D:2      | Killed Natasha
  1935 | D:2      | Reached XP level 5. HP: 8/47 MP: 5/5
  2199 | D:2      | Noticed Sigmund
  2207 | D:2      | Killed Sigmund
  2208 | D:2      | Reached skill level 5 in Fighting
  2208 | D:2      | Reached skill level 6 in Axes
  2208 | D:2      | Reached XP level 6. HP: 34/56 MP: 6/6
  2637 | D:2      | Noticed Natasha
  2644 | D:2      | Killed Natasha
  3218 | D:3      | Found a glowing silver altar of Zin.
  3518 | D:3      | Reached skill level 7 in Axes
  3643 | D:4      | Found a staircase to the Ecumenical Temple.
  3649 | Temple   | Entered the Ecumenical Temple
  3653 | Temple   | Became a worshipper of Uskayaw the Reveller
  3670 | D:4      | Noticed Robin
  3671 | D:4      | Reached * piety under Uskayaw
  3688 | D:4      | Reached ** piety under Uskayaw
  3700 | D:4      | Killed Robin
  3779 | D:4      | Found a glowing drain.
  3791 | D:4      | Reached XP level 7. HP: 59/61 MP: 7/7
  3878 | Sewer    | Entered a sewer
  3998 | Sewer    | Reached skill level 1 in Evocations
  4306 | Sewer    | Reached *** piety under Uskayaw
  4307 | Sewer    | Reached **** piety under Uskayaw
  4310 | Sewer    | Reached skill level 8 in Axes
  5159 | D:5      | Entered Level 5 of the Dungeon
  5644 | D:5      | Reached XP level 8. HP: 66/71 MP: 1/8
  5834 | D:5      | Reached skill level 9 in Axes
  5874 | D:5      | Slain by an orc warrior

Illustrated notes

Levels and vault maps discovered:
D:1:      minmay_arrival_four_loops, layout_loops_ring,
          dilly_ecumenical_altar_fadedgnrine, minmay_rat_gold_closets
D:2:      layout_basic, serial_shops, nicolae_shop_statue_plus, uniq_natasha,
          uniq_jessica, uniq_sigmund
D:3:      layout_basic, mainiacjoe_overflow_six_doors_small
D:4:      layout_loops_corners, minmay_temple_entry_drinking_statues,
          cheibrodos_sewer_entry_drain, uniq_robin
D:5:      layout_gridville, uniq_pikel
Temple:   nicolae_temple_bog_church

Skill      XL: |  1  2  3  4  5  6  7  8 |
---------------+-------------------------+-----
Axes           | 3 4 5 6 7 8 9 |  9.0
Fighting       | 4 5 6 |  6.7
Throwing       | 1 2 |  2.5
Evocations     | 2 |  2.7
Armour         | |  3.2
Shields        | |  3.2

Action                   |  1- 3 |  4- 6 |  7- 9 || total
-------------------------+-------+-------+-------++-------
Melee: War axe           |   107 |   128 |   196 ||   431
Throw: Stone             |       |     1 |     1 ||     2
Invok: Stomp             |       |       |     2 ||     2
  Use: Potion            |       |     1 |       ||     1
       Scroll            |       |     2 |       ||     2
 Stab: Paralysed         |       |       |     5 ||     5
Armor: Scale mail        |    29 |       |       ||    29
       Chain mail        |    37 |    59 |    92 ||   188
       Ring mail         |       |       |     8 ||     8
Dodge: Dodged            |    43 |    37 |    78 ||   158
Block: Buckler           |    21 |    30 |    34 ||    85
